 Dungeon Crawl Stone Soup version 0.28.0-43-g3370ac3207 (webtiles) character file.

Game seed: 8746924638072075002

0 cbfl8 the Sneak (level 1, 0/19 HPs)
             Began as a Minotaur Delver on Mar 24, 2022.
             Was an Initiate of Nemelex Xobeh.
             Slain by a scorpion (5 damage)
             ... on level 3 of the Dungeon.
             The game lasted 00:01:30 (331 turns).

cbfl8 the Sneak (Minotaur Delver)                    Turns: 331, Time: 00:01:30

Health: 0/19       AC:  3    Str: 16    XL:     1   Next: 8%
Magic:  0/0        EV: 11    Int:  7    God:    Nemelex Xobeh [......]
Gold:   8          SH:  0    Dex: 11    Spells: 0/0 levels left

rFire   . . .      SeeInvis .   a - +0 hand axe
rCold   . . .      Faith    .   (no shield)
rNeg    . . .      Spirit   .   b - +0 leather armour
rPois   .          Reflect  .   (helmet restricted)
rElec   .          Harm     .   (no cloak)
rCorr   .          Rampage  .   (no gloves)
Will    .....                   (no boots)
Stlth   ++........              (no amulet)
HPRegen 0.06/turn               (no ring)
MPRegen 0.07/turn               (no ring)

@: no status effects
A: horns 2, retaliatory headbutt
a: Renounce Religion, Draw Escape, Draw Destruction, Draw Summoning


You were on level 3 of the Dungeon.
You worshipped Nemelex Xobeh.
Nemelex Xobeh was noncommittal.
You visited 2 branches of the dungeon, and saw 4 of its levels.

You collected 8 gold pieces.

Inventory:

Hand Weapons
 a - a +0 hand axe (weapon)
Armour
 b - a +0 leather armour (worn)
Wands
 g - a wand of digging (3)
Scrolls
 c - a scroll of fog
 e - a scroll of fear
 h - a scroll of magic mapping
Potions
 d - a potion of mutation {unknown}
 f - a potion of haste


   Skills:
 + Level 3.6 Fighting
 + Level 2.4 Axes
 + Level 2.1 Dodging
 + Level 4.1 Stealth


You couldn't memorise any spells.
You didn't know any spells.
Your spell library was empty.

Dungeon Overview and Level Annotations

Branches:
Dungeon (5/15)             Temple (1/1) D:5

Altars:
Dithmenos
Elyvilon
Hepliaklqana
Makhleb
Nemelex Xobeh
Qazlal
Ru
Trog
Xom
The Shining One


Innate Abilities, Weirdness & Mutations

You have a pair of horns on your head.
You reflexively headbutt those who attack you in melee.


Message History

Found 14 gold pieces.
Found an escape hatch in the ceiling.
There is an escape hatch in the ceiling here.
A mysterious force pulls you upwards. The hatch slams shut behind you.
Found a fizzy white potion.
d - a fizzy white potion
Found a scroll of magic mapping.
Found a stone staircase leading up.
h - a scroll of magic mapping
There is a stone staircase leading up here.
You climb upwards.
Found 8 gold pieces.
There is a stone staircase leading down here.
You slash the rat!
You kill the rat!
You see here a rat corpse.
You now have 8 gold pieces.
A scorpion comes into view.
Found a rapier.
The scorpion barely misses you. The scorpion stings you.
You hit the scorpion but do no damage. The scorpion closely misses you.
You hit the scorpion. Your headbutt misses the scorpion.
The scorpion is lightly wounded.
The scorpion barely misses you.
You slash the scorpion!
The scorpion is heavily wounded.
The scorpion stings you but does no damage.
The scorpion closely misses you.
You barely miss the scorpion.
The scorpion is heavily wounded.
The scorpion barely misses you.
You closely miss the scorpion. You headbutt the scorpion.
The scorpion is severely wounded.
The scorpion stings you. The scorpion stings you!
* * * LOW HITPOINT WARNING * * *
You hit the scorpion but do no damage.
The scorpion is severely wounded.
The scorpion stings you.
You die...
Your body disappears without a glow.

#.##..##
#.###.# .##.#
#.# ....# #.#
#..# #.##
.#...##..##
..........##
##...#...8.##
#.. ##..@s)#
#.
#..........
..
######.#### #
.# .


You could see a scorpion.

Vanquished Creatures
  A rat (D:3)
1 creature vanquished.

Notes
Turn   | Place    | Note
-------+----------+-------------------------------------------
     0 | D:5      | cbfl8 the Minotaur Delver began the quest for the Orb.
     0 | D:5      | Reached XP level 1. HP: 19/19 MP: 0/0
     6 | Temple   | Entered the Ecumenical Temple
   231 | Temple   | Became a worshipper of Nemelex Xobeh the Trickster
   318 | D:3      | Noticed a scorpion
   331 | D:3      | Slain by a scorpion

Illustrated notes

Levels and vault maps discovered:
D:3:      layout_loops_corners, grunt_temple_overflow_gold_and_silver,
          nicolae_overflow_ecumenical_swirl
D:4:      layout_loops_cross, kennysheep_mini, kennysheep_minor_cross,
          minmay_rat_hole
D:5:      layout_loops_ring, minmay_temple_entry_purple_smoke,
          ebering_ghost_sewer_f, chequers_serial_rivers_micro_c,
          dk_noncrumbling_3, kennysheep_generic_room_5
Temple:   chequers_temple_sunken

Action                   || total
-------------------------++-------
Melee: Hand axe          ||     7
       Headbutt          ||     1
  Use: Scroll            ||     1
Armor: Leather armour    ||     1
Dodge: Dodged            ||     5
